 Dungeon Crawl Stone Soup version 0.27.1-35-g4d5d836560 (webtiles) character file.

Game seed: 9652487689803304206

45954 tkbsonic5 the Fighter (level 14, 0/127 HPs)
             Began as a Ghoul Monk on Dec 22, 2022.
             Was a Believer of Makhleb.
             Slain by a naga mage (8 damage)
             ... on level 2 of the Snake Pit on Dec 23, 2022.
             The game lasted 01:37:41 (19619 turns).

tkbsonic5 the Fighter (Ghoul Monk)                 Turns: 19619, Time: 01:37:43

Health: 0/127      AC: 19    Str: 19    XL:     14   Next: 35%
Magic:  20/20      EV: 10    Int:  5    God:    Makhleb [**....]
Gold:   1259       SH:  0    Dex: 18    Spells: 14/17 levels left

rFire    . . .     SeeInvis .   D - +0 arbalest
rCold    + . .     Faith    .   (shield currently unavailable)
rNeg     + + +     Spirit   .   j - +3 plate armour
rPois    ∞         Reflect  .   (no helmet)
rElec    .         Harm     .   (no cloak)
rCorr    .         Rampage  .   o - +2 pair of gloves
Will     +....                  P - +1 pair of boots
Stlth    ..........             (no amulet)
HPRegen  0.00/turn              t - +4 ring of evasion
MPRegen  0.17/turn              u - +6 ring of dexterity

@: about to teleport, inhibited regen, constricted
A: claws 1, cold resistance 1, negative energy resistance 3, inhibited
regeneration, torment resistance 2
a: Renounce Religion, Minor Destruction


You were on level 2 of the Snake Pit.
You worshipped Makhleb.
Makhleb was pleased with you.
You visited 3 branches of the dungeon, and saw 21 of its levels.

You collected 1259 gold pieces.

Inventory:

Hand Weapons
 D - a +0 arbalest (weapon)
Missiles
 r - 78 bolts (quivered ammo)
 s - 21 javelins
 x - 26 poisoned darts
 A - 185 arrows
 I - a curare-tipped dart
Armour
 j - a +3 plate armour (worn)
 m - a +2 pair of boots of stealth
 n - +0 steam dragon scales
 o - a +2 pair of gloves (worn)
 p - a +0 ring mail of willpower
 q - +0 steam dragon scales
 y - +0 acid dragon scales
 C - the +1 chain mail of Sloth {rF+ Str+4}
   (You found it on level 1 of the Lair of Beasts)

   Str:       It affects your strength (+4).
   rF:        It protects you from fire.
 M - the +1 chain mail of Egucoru {rElec rF+ rN+}
   (You found it on level 3 of the Lair of Beasts)

   rF:        It protects you from fire.
   rElec:     It insulates you from electricity.
   rN:        It protects you from negative energy.
 P - a +1 pair of boots (worn)
Magical Staves
 d - a staff of poison
 E - a staff of conjuration
Jewellery
 f - a ring of protection from cold
 h - an amulet of the acrobat
 t - a +4 ring of evasion (left hand)
 u - a +6 ring of dexterity (right hand)
 z - a ring of see invisible
 F - the amulet of Altruism {Reflect rC+ Str+4 Int+3 SH+5}
   (You acquired it on level 10 of the Dungeon)

   [amulet of reflection]

   It reflects blocked missile attacks.
   Str:       It affects your strength (+4).
   Int:       It affects your intelligence (+3).
   rC:        It protects you from cold.
   SH:        It affects your SH (+5).
 G - an amulet of magic regeneration
 H - the amulet "Ipry" {RegenMP Regen+ Dex+3}
   (You acquired it on level 10 of the Dungeon)

   [amulet of magic regeneration]

   It increases your rate of magic regeneration.
   Dex:       It affects your dexterity (+3).
   Regen:     It increases your rate of health regeneration.
 J - an amulet of reflection
 K - a ring of wizardry
Wands
 k - a wand of digging (13)
Scrolls
 a - a scroll of teleportation
 b - a scroll of holy word
 c - 3 scrolls of identify
 e - 4 scrolls of amnesia
 w - 2 scrolls of magic mapping
Potions
 l - 8 potions of magic
 v - 3 potions of flight
 L - a potion of brilliance
Miscellaneous
 O - a phial of floods (inert)


   Skills:
 + Level 12.5 Fighting
 - Level 0.7(3.8) Slings
 * Level 6.9 Crossbows
 - Level 6.0(6.1) Throwing
 - Level 3.6 Armour
 - Level 9.2 Dodging
 - Level 2.5 Stealth
 - Level 12.3 Unarmed Combat
 - Level 2.4 Spellcasting
 - Level 1.5 Conjurations
 - Level 2.0 Poison Magic
 + Level 10.1 Invocations
 - Level 6.3 Evocations


You had 14 spell levels left.
You knew the following spells:

 Your Spells              Type           Power      Damage    Failure   Level
a - Magic Dart            Conj           8%         1d3       100%        1
b - Searing Ray           Conj           4%         3d3       100%        2

Your spell library contained the following spells:

 Spells                   Type           Power      Damage    Failure   Level
 Pain                     Necr           0%         1d4       100%        1
 Conjure Flame            Conj/Fire      1%         6-21      100%        3
 Dazzling Flash           Conj/Hex       2%         N/A       100%        3
 Gell's Gravitas          Tloc           0%         N/A       100%        3
 Ignite Poison            Fire/Tmut/Pois 1%         N/A       100%        3
 Teleport Other           Tloc           0%         N/A       100%        3
 Animate Dead             Necr           0%         N/A       100%        4
 Fulminant Prism          Conj/Hex       0%         3d6       100%        4
 Iskenderun's Mystic Bla  Conj/Tloc      1%         2d3       100%        4
 Sticky Flame             Conj/Fire      1%         2d3       100%        4
 Agony                    Necr           0%         N/A       100%        5
 Excruciating Wounds      Necr           0%         N/A       100%        5
 Conjure Ball Lightning   Conj/Air       0%         3x3d6     100%        6
 Dispersal                Tloc           0%         N/A       100%        6
 Starburst                Conj/Fire      0%         6d3       100%        6
 Haunt                    Necr/Summ      0%         N/A       100%        7
 Discord                  Hex            0%         N/A       100%        8
 Disjunction              Tloc           0%         N/A       100%        8
 Infestation              Necr           0%         N/A       100%        8


Dungeon Overview and Level Annotations

Branches:
Dungeon (13/15)            Temple (0/1) D:4            Lair (6/6) D:9
 Shoals (0/4) Lair:3        Snake (2/4) Lair:2        Slime (0/5) Lair:5
    Orc (0/2) D:10
 Vaults: D:13-14

Altars:
Ashenzari
Cheibriados
Dithmenos
Elyvilon
Fedhas
Gozag
Kikubaaqudgha
Makhleb
Nemelex Xobeh
Trog
Yredelemnul
Zin

Shops:
Snake:2 (

Portals:
Sewer: D:3
Ossuary: D:8

Annotations:
D:7 2 transporters
D:11 1 runed translucent door, AverageBear's ghost, journeyman DDFi
Lair:1 1 runed translucent door, exclusion: oklob plant, 0gre's ghost, journeyman GnIE
Lair:5 exclusion: oklob plant


Innate Abilities, Weirdness & Mutations

You thrive by killing the living.
You are immune to poison.
You have sharp fingernails.
Your flesh is cold resistant. (rC+)
You are immune to negative energy. (rN+++)
You do not regenerate when monsters are visible.
You are immune to unholy pain and torment.


Message History

You kill the naga!
Makhleb accepts your kill.
You feel better.
Fire: 78 bolts
Press: ? - help, Q - select action, (/) - cycle Shift-Dir - straight line, f - nagaraja
Aim: a nagaraja, wielding a +0 spear and wearing a +0 robe (69% to hit)
Okay, then.
The nagaraja spits poison at you.
The splash of poison hits you but does no damage.
You resist. The nagaraja casts a spell at you. The poison arrow hits you!
You partially resist.
* * * LOW HITPOINT WARNING * * *
You are no longer firmly anchored in space.
As you read the scroll of teleportation, it crumbles to dust.
You feel strangely unstable. The naga spits poison at you.
The splash of poison hits you but does no damage.
You resist.
The nagaraja mumbles some strange words.
The nagaraja seems to speed up.
Your surroundings suddenly seem different. 3 nagas, a naga mage, a guardian serpent and a salamander come into view.
The guardian serpent shouts!
The naga mage shouts!
The naga shouts! x2
You hear a shout!
A nagaraja comes into view. It is wielding a +0 spear.
The naga spits poison at you.
The splash of poison hits you but does no damage.
You resist. The naga mage spits poison at you. The splash of poison misses you.
A nagaraja comes into view. It is wielding a +0 club.
The nagaraja shouts!
As you read the scroll of teleportation, it crumbles to dust.
You feel strangely unstable. The naga hits you with a +0 long sword.
* * * LOW HITPOINT WARNING * * *
The naga grabs you. The naga constricts you.
* * * LOW HITPOINT WARNING * * *
The naga mage hits you from afar with a +0 halberd!
You die...

#.... .... ...
. #..# .#
##NN.#...
##N.S.....
...###..N...#
......N@....#
#...#.##.......
# # ...###N
..## ..# ..#
..N ...


You could see 2 nagarajas, a salamander, a guardian serpent, a naga mage
(catching breath) and 3 nagas.

Vanquished Creatures
  A naga warrior (Snake:1)
  8 hydras
  A catoblepas (D:11)
  An anaconda (Snake:1)
  A two-headed ogre (D:11)
  Urug (Lair:2)
  A death yak (Lair:6)
  Sonja (D:10)
  2 naga sharpshooters
  A lindwurm (Lair:5)
  Pikel (D:7)
  14 elephants
  3 naga magi
  13 black mambas
  8 cane toads
  4 rime drakes
  2 komodo dragons
  A kobold demonologist (D:11)
  2 trolls
  3 polar bears
  A hornet (D:9)
  5 blink frogs (Lair:5)
  A slime creature (Lair:5)
  A vampire (D:9)
  A shadow (D:10)
  3 wyverns
  22 yaks
  A basilisk (Lair:4)
  A steam dragon (D:10)
  8 nagas
  2 acid dragons
  10 water moccasins
  2 sky beasts
  An orc warrior (D:8)
  3 black bears
  An ice beast (D:6)
  2 ogres
  2 necrophages (Lair:3)
  A centaur (D:11)
  27 wolves
  2 lemures (D:7)
  A kobold brigand (D:7)
  10 bullfrogs
  A water moccasin skeleton (D:4)
  4 killer bees (D:10)
  2 vampire bats (D:9)
  A howler monkey (D:9)
  2 centaur zombies
  2 hounds (D:6)
  4 jellies
  A gnoll shaman (D:8)
  An orc priest (D:9)
  3 bullfrog skeletons
  A centaur skeleton (D:5)
  6 orc wizards
  6 iguanas
  A hound zombie (D:5)
  A howler monkey zombie (D:7)
  8 gnolls
  7 adders
  4 shadow imps
  2 white imps
  An ufetubus (D:4)
  A dart slug (D:5)
  28 orcs
  12 ball pythons
  8 bats
  2 bat skeletons (D:9)
  2 bat zombies (D:9)
  8 endoplasms
  15 giant cockroaches
  7 goblins
  3 hobgoblins
  7 jackals (D:4)
  10 kobolds
  7 quokkas
  2 frilled lizards
  2 rats
  A spectral orc (D:9)
350 creatures vanquished.

Vanquished Creatures (collateral kills)
  3 hydras
  A boulder beetle (Lair:2)
  A catoblepas (Lair:6)
  2 two-headed ogres
  An anaconda (Snake:1)
  2 naga sharpshooters (Snake:1)
  A steam dragon (D:9)
  2 lindwurms (Lair:6)
  A manticore (Lair:3)
  A cyclops (D:11)
  A black mamba (Lair:3)
  2 naga magi (Snake:1)
  A cane toad (Lair:2)
  Maggie (D:10)
  A rime drake (D:6)
  A wind drake (Lair:3)
  Prince Ribbit (D:9)
  A tarantella (D:7)
  A basilisk (D:9)
  2 yaks (D:9)
  Menkaure (D:5)
  3 water moccasins (Lair:3)
  An orc warrior (D:9)
  2 black bears (D:9)
  A bullfrog (D:9)
  A gnoll sergeant (D:8)
  A scorpion (D:9)
  A vampire bat (D:9)
  A howler monkey (D:9)
  An orc priest (D:5)
  An iguana (D:7)
  An orc wizard (D:10)
  A killer bee zombie (D:7)
  2 adders
  3 gnolls (D:8)
  7 orcs
  A bat skeleton (D:9)
  A kobold (D:11)
57 creatures vanquished.

Vanquished Creatures (others)
  A yak (D:9)
  An orc warrior (D:11)
  A howler monkey (D:9)
  An orc priest (D:11)
  An orc (D:11)
  41 fungi
  23 plants
  9 toadstools (Lair:1)
78 creatures vanquished.

Grand Total: 485 creatures vanquished

Notes
Turn   | Place    | Note
-------+----------+-------------------------------------------
     0 | D:1      | tkbsonic5 the Ghoul Monk began the quest for the Orb.
     0 | D:1      | Reached XP level 1. HP: 19/19 MP: 0/0
   308 | D:1      | Reached XP level 2. HP: 26/26 MP: 1/1
   683 | D:1      | Reached XP level 3. HP: 33/33 MP: 2/2
  1497 | D:2      | Reached XP level 4. HP: 34/41 MP: 3/3
  1552 | D:2      | Found a burning altar of Makhleb.
  1567 | D:2      | Became a worshipper of Makhleb the Destroyer
  1567 | D:2      | Reached * piety under Makhleb
  1567 | D:2      | Reached ** piety under Makhleb
  1587 | D:2      | Found a faded altar of an unknown god.
  2362 | D:3      | Learned a level 1 spell: Magic Dart
  2365 | D:3      | Learned a level 2 spell: Searing Ray
  2401 | D:3      | Found a glowing drain.
  2416 | D:3      | Reached skill level 1 in Invocations
  2680 | D:4      | Reached XP level 5. HP: 47/47 MP: 5/5
  3222 | D:4      | Reached *** piety under Makhleb
  3226 | D:4      | Reached skill level 5 in Fighting
  3226 | D:4      | Reached skill level 5 in Unarmed Combat
  3232 | D:4      | Reached XP level 6. HP: 51/56 MP: 5/7
  3310 | D:4      | Found a staircase to the Ecumenical Temple.
  3734 | D:5      | Entered Level 5 of the Dungeon
  3936 | D:5      | Found a shadowy altar of Dithmenos.
  4098 | D:5      | Noticed Menkaure
  4105 | D:5      | Killed Menkaure
  4106 | D:5      | Reached skill level 1 in Evocations
  4106 | D:5      | Reached XP level 7. HP: 49/62 MP: 7/9
  4593 | D:5      | Found a snail-covered altar of Cheibriados.
  4959 | D:6      | Noticed Eustachio
  4960 | D:6      | Noticed Eustachio
  4960 | D:6      | Eustachio changed into Eustachio the rime drake
  4983 | D:6      | Killed Eustachio the rime drake
  4984 | D:6      | Reached XP level 8. HP: 44/71 MP: 10/10
  5284 | D:6      | Noticed a troll
  5293 | D:6      | Killed a troll
  5294 | D:6      | Reached skill level 5 in Invocations
  6128 | D:7      | Noticed a two-headed ogre
  6134 | D:7      | Noticed a tarantella
  6134 | D:7      | a two-headed ogre changed into a tarantella
  6150 | D:7      | Killed a tarantella
  6523 | D:7      | Reached XP level 9. HP: 78/79 MP: 12/12
  6640 | D:7      | Found a transporter.
  6642 | D:7      | Noticed a kobold demonologist
  6659 | D:7      | Found a transporter.
  6708 | D:7      | Noticed a kobold demonologist
  6989 | D:7      | Noticed Pikel
  6997 | D:7      | Killed Pikel
  6998 | D:7      | Reached skill level 1 in Armour
  7081 | D:7      | Found an opulent altar of Gozag.
  7385 | D:8      | Reached **** piety under Makhleb
  7487 | D:8      | Found a sand-covered staircase.
  7792 | D:9      | Reached skill level 5 in Dodging
  7792 | D:9      | Reached skill level 1 in Spellcasting
  7823 | D:9      | Killed a steam dragon
  7824 | D:9      | Reached XP level 10. HP: 60/90 MP: 13/13
  7843 | D:9      | Reached skill level 1 in Throwing
  8281 | D:9      | Found a basalt altar of Yredelemnul.
  8376 | D:9      | Noticed Prince Ribbit
  8392 | D:9      | Killed Prince Ribbit
  8429 | D:9      | Found an ancient bone altar of Kikubaaqudgha.
  8532 | D:9      | Found a staircase to the Lair.
  8629 | D:10     | Entered Level 10 of the Dungeon
  8655 | D:10     | Noticed a two-headed ogre
  8669 | D:10     | Killed a two-headed ogre
  9218 | D:10     | Found a sparkling altar of Nemelex Xobeh.
  9218 | D:10     | Found a bloodstained altar of Trog.
  9218 | D:10     | Found a blossoming altar of Fedhas.
  9219 | D:10     | Found a broken altar of Ashenzari.
  9222 | D:10     | Noticed Sonja
  9228 | D:10     | Killed Sonja
  9337 | D:10     | Reached skill level 5 in Evocations
  9411 | D:10     | Noticed Maggie
  9420 | D:10     | Killed Maggie
  9630 | D:10     | Found a staircase to the Orcish Mines.
  9718 | D:10     | Identified a scroll of acquirement
  9718 | D:10     | Acquired the amulet of Altruism {Reflect rC+ Str+4 Int+3
                  | SH+5}
  9742 | D:10     | Reached XP level 11. HP: 95/97 MP: 15/15
  9749 | D:10     | Reached skill level 1 in Poison Magic
 10072 | D:10     | Acquired the amulet "Ipry" {RegenMP Regen+ Dex+3}
 10155 | D:11     | Noticed a cyclops
 10166 | D:11     | Killed a cyclops
 10224 | D:11     | Noticed a catoblepas
 10242 | D:11     | Killed a catoblepas
 10243 | D:11     | Reached skill level 1 in Conjurations
 10378 | D:11     | You fall into a shaft and drop 2 floors!
 10500 | D:11     | Noticed a two-headed ogre
 10512 | D:11     | Killed a two-headed ogre
 10533 | D:11     | Found a runed translucent door.
 10539 | D:11     | Noticed AverageBear's ghost (journeyman DDFi)
 10711 | D:11     | Noticed a two-headed ogre
 10714 | D:11     | Killed a two-headed ogre
 10752 | D:11     | Noticed a sun demon
 10852 | Lair:1   | Entered Level 1 of the Lair of Beasts
 10926 | Lair:1   | Reached skill level 1 in Crossbows
 11009 | Lair:1   | Noticed a five-headed hydra
 11019 | Lair:1   | Killed a five-headed hydra
 11049 | Lair:1   | Identified the +1 chain mail of Sloth {rF+ Str+4}
 11104 | Lair:1   | Noticed a six-headed hydra
 11117 | Lair:1   | Killed a six-headed hydra
 11145 | Lair:1   | Reached skill level 10 in Fighting
 11187 | Lair:1   | Noticed a six-headed hydra
 11195 | Lair:1   | Killed a six-headed hydra
 11252 | Lair:1   | Found a runed translucent door.
 11257 | Lair:1   | Noticed 0gre's ghost (journeyman GnIE)
 11263 | Lair:1   | Found a blossoming altar of Fedhas.
 11282 | Lair:1   | Noticed an oklob plant
 11654 | Lair:2   | Noticed Urug
 11668 | Lair:2   | Killed Urug
 11725 | Lair:2   | Noticed a boulder beetle
 11773 | Lair:2   | Killed a boulder beetle
 11774 | Lair:2   | Reached skill level 10 in Unarmed Combat
 11774 | Lair:2   | Reached XP level 12. HP: 66/106 MP: 17/17
 11849 | Lair:2   | Found a staircase to the Snake Pit.
 12077 | Lair:2   | Noticed an eight-headed hydra
 12085 | Lair:2   | Killed an eight-headed hydra
 12425 | Lair:3   | Noticed a five-headed hydra
 12445 | Lair:3   | Noticed a seven-headed hydra
 12453 | Lair:3   | Killed a seven-headed hydra
 12661 | Lair:3   | Killed a five-headed hydra
 12733 | Lair:3   | Found a staircase to the Shoals.
 12755 | Lair:3   | Identified the +1 chain mail of Egucoru {rElec rF+ rN+}
 12869 | Lair:3   | Noticed a five-headed hydra
 12882 | Lair:3   | Killed a five-headed hydra
 13660 | Lair:4   | Noticed a six-headed hydra
 13675 | Lair:4   | Killed a six-headed hydra
 14366 | Lair:4   | Reached skill level 5 in Throwing
 14366 | Lair:4   | Reached XP level 13. HP: 110/116 MP: 18/18
 14545 | Lair:5   | Noticed Snorg
 14548 | Lair:5   | Noticed Snorg
 14548 | Lair:5   | Snorg changed into Snorg the cane toad
 14555 | Lair:5   | Killed Snorg the cane toad
 14722 | Lair:5   | Reached skill level 5 in Crossbows
 14842 | Lair:5   | Found a staircase to the Slime Pits.
 15195 | Lair:5   | You fall into a shaft and drop 1 floor!
 15195 | Lair:6   | Entered Level 6 of the Lair of Beasts
 16171 | Lair:6   | Reached XP level 14. HP: 93/126 MP: 20/20
 16515 | Snake:1  | Entered Level 1 of the Snake Pit
 17465 | Lair:2   | Reached skill level 10 in Invocations
 19156 | Snake:2  | Found Poedun's Weapon Shoppe.
 19570 | Snake:2  | Noticed a nagaraja
 19575 | Snake:2  | Noticed a nagaraja
 19593 | Snake:2  | Noticed a nagaraja
 19618 | Snake:2  | Noticed a nagaraja
 19618 | Snake:2  | Noticed a nagaraja
 19619 | Snake:2  | Slain by a naga mage

Illustrated notes

Levels and vault maps discovered:
D:1:      roderic_crop_circles_arrival_small, layout_loops_ring,
          chequers_mini_garden
D:2:      layout_rooms, hellmonk_ecumenical_altar_heavens_door, basic_altar
D:3:      layout_loops_cross, gup_sewer_entry_pipe
D:4:      layout_loops_corners, minmay_temple_entry_offerings,
          grunt_ministairs_3
D:5:      layout_loops_ring, lemuel_tele_altar, zin_treasury,
          mainiacjoe_overflow_tiny_flanked, minmay_misc_feat_ornament,
          small_statue_intersection, minmay_misc_feat_nine_boxes,
          item_on_display_b, uniq_menkaure
D:6:      minmay_spotlight, layout_cave_pods, amcnicky_altar_gilded,
          uniq_eustachio
D:7:      gammafunk_wand_slinger, layout_loops_corners,
          nicolae_gozag_cash_rules_everything_around_me, uniq_pikel
D:8:      layout_basic, lightli_ossuary_entry_decrepit_ruins
D:9:      layout_cave_pools, yredelemnul_forgotten_temple_becter,
          kennysheep_vampire_church, grunt_lair_entry_orc_guard_hut,
          hellmonk_bongcloud_opening, uniq_prince_ribbit1
D:10:     layout_stronghold, grunt_temple_overflow_open, orc_0_dummy,
          uniq_maggie, uniq_sonja
D:11:     layout_long_grid, gammafunk_ghost_grave
D:12:     layout_roguey, nicolae_dithmenos_shadow_blocks
D:13:     layout_gridville, david_vaults_4
Lair:1:   layout_cave_shapes, ebering_ghost_reflecting_pool,
          chequers_serial_rivers_micro_c, tgw_fedhas, serial_bayou_shore_a
Lair:2:   layout_chaotic_city, dummy_snake_entry, infiniplex_staircase_pool,
          uniq_urug
Lair:3:   layout_layer_cave, minmay_shoals_entry_beasts, roderic_carrion_pond
Lair:4:   layout_cave_pods, infiniplex_staircase_pool_2
Lair:5:   layout_roguey, minmay_slime_entry_pillars, uniq_snorg, uniq_josephine
Lair:6:   grunt_lair_end_beastmaster, layout_cave_pods, grunt_megastairs_3
Snake:1:  layout_onion_interference
Snake:2:  nicolae_aizul_guard, layout_layer_cave, nicolae_stop_n_shop_1

Skill      XL: |  1  2  3  4  5  6  7  8  9 10 11 12 13 14 |
---------------+-------------------------------------------+-----
Fighting       | 4 5 6 7 8 9 10 11 12 | 12.5
Unarmed Combat | 4 5 6 7 8 9 10 11 12 | 12.3
Invocations    | 1 2 4 5 6 7 8 9 10 | 10.1
Evocations     | 1 2 3 4 5 6 |  6.3
Dodging        | 3 5 6 7 8 9 |  9.2
Armour         | 2 3 |  3.6
Spellcasting   | 1 2 |  2.4
Throwing       | 2 4 5 6 |  6.0
Poison Magic   | 2 |  2.0
Conjurations   | 1 |  1.5
Crossbows      | 1 4 6 |  6.9
Slings         | |  0.7
Stealth        | |  2.5

Action                   |  1- 3 |  4- 6 |  7- 9 | 10-12 | 13-15 || total
-------------------------+-------+-------+-------+-------+-------++-------
Melee: Unarmed           |   105 |    57 |   146 |   414 |   554 ||  1276
       Punch             |     1 |     1 |     3 |    32 |    44 ||    81
 Fire: Hand crossbow     |       |       |       |     1 |       ||     1
       Arbalest          |       |       |       |    11 |    53 ||    64
Throw: Dart              |       |       |     8 |    22 |     2 ||    32
       Javelin           |       |       |     3 |    21 |       ||    24
Invok: Minor Destruction |       |   117 |    63 |    71 |    41 ||   292
       Lesser Servant of |       |     1 |     8 |    31 |    21 ||    61
Evoke: Wand              |       |     4 |    36 |    27 |    25 ||    92
       Phial of floods   |       |       |       |       |     2 ||     2
  Use: Potion            |     4 |     2 |     2 |     8 |     8 ||    24
       Scroll            |     3 |     6 |       |    16 |     9 ||    34
 Stab: Sleeping          |     9 |       |       |       |       ||     9
       Distracted        |     1 |       |     1 |     1 |     2 ||     5
       Betrayed ally     |       |       |     1 |       |       ||     1
       Invisible         |       |       |       |     1 |       ||     1
Armor: Robe              |    28 |     9 |       |       |       ||    37
       Plate armour      |       |    38 |    79 |   113 |   119 ||   349
       Chain mail        |       |       |       |    91 |   155 ||   246
Dodge: Dodged            |    64 |    39 |    63 |   321 |   482 ||   969
Block: Other             |       |       |       |     4 |       ||     4
